Cogmind - Beta 17 @@@ ROGUE MODE // 2026.07.13 @ 19:33:28 Player: Akl Result: Destroyed by G-47 Trooper with Particle Gun Performance ------------- Evolutions (2) 1000 Regions Visited (7) 1400 Robots Destroyed (31) 155 Value Destroyed (1230) 1230 Prototype IDs (3) 60 Alien Tech Used (0) 0 Bonus (200) 200 TOTAL SCORE: 4045 Bonus ------- Entered Garrisons 200 Cogmind --------- Core Integrity 0/550 Matter 276/300 Energy 298/470 System Corruption 1% Temperature Warning (371) Movement Walking (263) Ox2 Location -8/Materials Parts ------- > --- POWER (2) -------- Light Nuclear Core Light Nuclear Core > --- PROPULSION (3) --- Aluminum Leg Aluminum Leg Titanium Leg > --- UTILITY (4) ------ Huge Storage Unit High-capacity Battery Improved Power Shielding > --- WEAPON (2) ------- Heavy Particle Gun > --- INVENTORY (25) --- Heat Sink Advanced Visual Processing Unit ECM Suite System Shield Authchip [R/Combat] Corruption Screen Ion Cannon Plasma Cutter Peak State ------------ > --- POWER ------------ Light Nuclear Core Light Nuclear Core > --- PROPULSION ------- Aluminum Leg Titanium Leg Titanium Leg > --- UTILITY ---------- Huge Storage Unit High-capacity Battery Improved Power Shielding Improved Power Shielding > --- WEAPON ----------- Heavy Particle Gun Improved EM Pulse Cannon > --- INVENTORY -------- Improved Heat Sink Advanced Visual Processing Unit ECM Suite System Shield Authchip [R/Combat] Corruption Screen Heavy Particle Gun Ion Cannon Plasma Cutter [Rating: 31] Favorites ----------- Power Light Nuclear Core Engine Ion Engine Power Core Light Nuclear Core Propulsion Aluminum Leg Leg Aluminum Leg Wheel Wheel Utility Improved Power Shielding Storage High-capacity Battery Protection Improved Power Shielding Weapon Assault Rifle Energy Gun Field Laser Energy Cannon Improved EM Pulse Cannon Ballistic Gun Assault Rifle Launcher Grenade Launcher Build | -11 -10 -10 -10 -9 -8 -8 -8 ------- Run | Yrd Mat Min Exi Min Mat Gar Mat Slots Evolved 4 | . . . . . 4 . . Power 1 | . . . . . 1 . . Propulsion 1 | . . . . . 1 . . Utility 2 | . . . . . 2 . . Weapon . | . . . . . . . . Parts Attached 37 | 6 3 . . 1 4 12 11 Power 6 | 1 1 . . . 1 2 1 Engine 3 | 1 1 . . . 1 . . Core 3 | . . . . . . 2 1 Reactor . | . . . . . . . . Propulsion 10 | 2 . . . . . 3 5 Treads . | . . . . . . . . Leg 8 | . . . . . . 3 5 Wheel 2 | 2 . . . . . . . Hover . | . . . . . . . . Flight . | . . . . . . . . Utility 8 | 1 1 . . . 2 3 1 Device . | . . . . . . . . Storage 3 | 1 1 . . . . . 1 Processor . | . . . . . . . . Hackware . | . . . . . . . . Protection 5 | . . . . . 2 3 . Artifact . | . . . . . . . . Weapon 13 | 2 1 . . 1 1 4 4 Energy Gun 7 | . . . . . 1 4 2 Energy Cannon 2 | . . . . . . . 2 Ballistic Gun 3 | 2 . . . 1 . . . Ballistic Cannon . | . . . . . . . . Launcher 1 | . 1 . . . . . . Special Weapon . | . . . . . . . . Impact Weapon . | . . . . . . . . Slashing Weapon . | . . . . . . . . Piercing Weapon . | . . . . . . . . Special Melee Weapon . | . . . . . . . . Unidentified Prototypes 1 | . . . . . . . 1 Corrupted Parts 1 | . . . . . . . 1 System Corruption 1 | . . . . . . . 1 Parts Lost 10 | . . . . . . 4 6 Power . | . . . . . . . . Propulsion 6 | . . . . . . 2 4 Utility 2 | . . . . . . 1 1 Weapon 2 | . . . . . . 1 1 Highest Loss Streak 3 | . . . . . . 2 3 To Critical Strikes . | . . . . . . . . Average Backups 6 | . 2 7 6 6 6 7 8 Power 1 | . 1 1 1 2 1 1 . Propulsion . | . . 1 . . . . . Utility 3 | . . 2 2 2 1 1 5 Weapon 2 | . 1 2 2 2 4 4 1 Tool/Special . | . . . . . . . . Unused Backups 17 | . . . 3 . . 1 13 Power 2 | . . . . . . 1 1 Propulsion 2 | . . . 2 . . . . Utility 9 | . . . 1 . . . 8 Weapon 3 | . . . . . . . 3 Tool/Special 1 | . . . . . . . 1 Average Slot Usage (%) 95 | . 91 100 100 100 87 87 96 Engine 7 | . 14 14 14 14 18 6 . Core 9 | . . . . . . 11 18 Leg 12 | . . . . . . 16 24 Wheel 12 | . 28 28 28 28 18 3 . Storage 21 | . 19 28 28 28 18 18 17 Protection 10 | . . . . . 15 14 17 Energy Gun 7 | . . . . . 3 13 11 Energy Cannon 2 | . . . . . . . 6 Ballistic Gun 6 | . 18 14 14 14 9 3 . Launcher 5 | . 9 14 14 14 5 . . Peak Build Rating 31 | 6 7 7 7 9 14 24 31 Average Rating 17 | 4 6 7 7 7 12 19 28 On Entrance 9 | . 6 7 7 7 9 14 24 Avg Prop Armor Cover (%) . | . . . . . . . . Naked Turns . | . . . . . . . . Heaviest Build 108 | 12 19 19 19 20 29 29 108 Greatest Support 44 | 20 20 20 20 20 20 30 44 Greatest Overweight (x) 8 | . . . . . 1 8 6 Average Overweight (x) . | . . . . . 1 . . Largest Inventory Capacity 25 | 8 8 8 8 8 8 8 25 Average Capacity 12 | 6 8 8 8 8 8 8 17 Most Carried 9 | 1 5 8 8 8 7 8 9 Average Carried 6 | . 2 7 6 6 6 7 8 Final Capacity 25 | 8 8 8 8 8 8 8 25 Final Carried 8 | 1 5 8 6 8 7 8 8 Class Distribution -------------------- 65% | Mutant 34% | Scavenger-Mutant Dominant Class ---------------- Mutant | -10/Materials Mutant | -10/Mines Mutant | -10/Exiles Mutant | -9/Mines Mutant | -8/Materials Scavenger-Mutant | -8/Garrison Scavenger-Mutant | -8/Materials Resources | -11 -10 -10 -10 -9 -8 -8 -8 ----------- Run | Yrd Mat Min Exi Min Mat Gar Mat Matter Collected 1065 | 206 99 . . 119 46 276 319 Remotely . | . . . . . . . . Salvage Created 1350 | . 71 . . 171 46 310 752 Parts 69 | . 7 . . 10 2 12 38 Haulers Intercepted . | . . . . . . . . Recyclers Shooed 1 | . . . . 1 . . . Parts Field Recycled . | . . . . . . . . Retrieved Matter . | . . . . . . . . Parts Self-Destructed . | . . . . . . . . Prevented . | . . . . . . . . Parts Restored . | . . . . . . . . Kills | -11 -10 -10 -10 -9 -8 -8 -8 ------- Run | Yrd Mat Min Exi Min Mat Gar Mat Combat Hostiles Destroyed 27 | . 2 . . 4 1 6 14 Guns 16 | . . . . . 1 6 9 Cannons 4 | . . . . . . . 4 AOE 6 | . 2 . . 4 . . . Classes Destroyed 8 | . 2 . . 3 1 . 2 Recycler 1 | . . . . 1 . . . Watcher 3 | . 1 . . . . . 2 Swarmer 3 | . . . . . . . 3 Grunt 14 | . 2 . . 2 . 3 7 Brawler 1 | . . . . 1 . . . Duelist 1 | . . . . 1 . . . Sentry 7 | . . . . . 1 3 3 Hunter 1 | . . . . . . . 1 Best Kill Streak 5 | . 2 . . 5 1 5 3 Combat Bots Only 5 | . 2 . . 4 1 5 3 Max Kills in Single Turn 2 | . 1 . . 2 1 1 1 Gunslinging . | . . . . . . . . Exploded 1 | . 1 . . 1 . . . Melee . | . . . . . . . . Uniques/NPCs Destroyed . | . . . . . . . . Combat | -11 -10 -10 -10 -9 -8 -8 -8 -------- Run | Yrd Mat Min Exi Min Mat Gar Mat Hostile Shots Fired 181 | . 4 . . 3 4 54 116 Missed 36 | . 1 . . . . 10 25 Hits 145 | . 3 . . 3 4 44 91 Projectile 145 | . 3 . . 3 4 44 91 Critical Strikes 9 | . . . . . 1 4 4 Damage Taken 2441 | . 69 . . 44 61 820 1447 Core 590 | . 20 . . 8 . 273 289 Absorbed by Shields . | . . . . . . . . Redirected to Shielding 202 | . . . . . . 41 161 Regen/Repaired (Parts) 88 | . . . . . . . 88 Core Remaining (%) 94 | 100 . . . 88 . . . Volleys Fired 86 | . 5 . . 8 2 23 48 Largest 2 | . 2 . . 2 2 2 2 Hottest 132 | . 50 . . 50 86 126 132 Shots Fired 162 | . 9 . . 10 4 44 95 Gun 121 | . 4 . . 5 4 44 64 Cannon 31 | . . . . . . . 31 Launcher 10 | . 5 . . 5 . . . Special . | . . . . . . . . Kinetic 21 | . 4 . . 5 2 10 . Thermal 100 | . . . . . 2 34 64 Explosive 10 | . 5 . . 5 . . . Electromagnetic 31 | . . . . . . . 31 Robot Hit Streak 12 | . 3 . . 4 5 9 12 Robot Miss Streak 4 | . 1 . . 1 . 1 4 Penetration Max . | . . . . . . . . Secondary Targets . | . . . . . . . . Shots Hit Robots 112 | . 6 . . 8 4 35 59 Core Hits 52 | . 6 . . 7 2 12 25 Critical Kills . | . . . . . . . . Critical Parts Destroyed . | . . . . . . . . Critical Strikes 5 | . . . . . . . 5 Burn 4 | . . . . . . . 4 Corrupt 1 | . . . . . . . 1 Melee Attacks . | . . . . . . . . Impact . | . . . . . . . . Slashing . | . . . . . . . . Piercing . | . . . . . . . . Sneak Attacks . | . . . . . . . . Combat Hostiles . | . . . . . . . . Follow-up Attacks . | . . . . . . . . Damage Inflicted 2404 | . 154 . . 312 64 556 1318 Guns 1369 | . 24 . . 32 64 556 693 Cannons 625 | . . . . . . . 625 Explosions 403 | . 123 . . 280 . . . Melee . | . . . . . . . . Ramming 7 | . 7 . . . . . . Kinetic 225 | . 24 . . 32 30 139 . Thermal 1144 | . . . . . 34 417 693 Explosive 403 | . 123 . . 280 . . . Electromagnetic 625 | . . . . . . . 625 Impact . | . . . . . . . . Slashing . | . . . . . . . . Piercing . | . . . . . . . . Highest Corruption 1 | . . . . . . . 1 Average Corruption 1 | . . . . . . . 1 Corruption Purged . | . . . . . . . . Corruption Blocked . | . . . . . . . . Effects 4 | . . . . . . . 4 Message Errors 2 | . . . . . . . 2 Alerts 1 | . . . . . . . 1 Weapon Failures 1 | . . . . . . . 1 Overload Shots . | . . . . . . . . Overflow Damage 68 | . . . . 20 . . 48 Projectiles 48 | . . . . . . . 48 Explosions 20 | . . . . 20 . . . Melee . | . . . . . . . . Knockbacks . | . . . . . . . . Impact . | . . . . . . . . Kinetic . | . . . . . . . . Secondary . | . . . . . . . . Self-Inflicted Damage 55 | . 41 . . 14 . . . Shots 3 | . 2 . . 1 . . . Rammed 1 | . 1 . . . . . . Targets Rammed 2 | . 1 . . . . . 1 Kicked 1 | . . . . . . . 1 Crushed . | . . . . . . . . Highest Temperature 720 | . 2 . . 1 87 712 720 Average Temperature 232 | . 2 . . 1 51 254 232 Received Heat Transfer 1020 | . 12 . . 18 36 306 648 Effects 57 | . . . . . . 22 35 Shutdowns 18 | . . . . . . 6 12 Energy Bleed 9 | . . . . . . 3 6 Interference 2 | . . . . . . 1 1 Matter Decay 7 | . . . . . . 3 4 Short Circuit 4 | . . . . . . 2 2 Damage (minor) 5 | . . . . . . . 5 Damage (major) 8 | . . . . . . 4 4 Damage (core) 4 | . . . . . . 3 1 Siege Activations . | . . . . . . . . Martial Activations . | . . . . . . . . Shielding Activations . | . . . . . . . . Robots Disrupted . | . . . . . . . . Combat Hostiles . | . . . . . . . . Robots Corrupted 1 | . . . . . . . 1 Combat Hostiles 1 | . . . . . . . 1 Parts Fried 4 | . . . . . . . 4 Impact Corruptions . | . . . . . . . . Robots Melted . | . . . . . . . . Combat Hostiles . | . . . . . . . . Parts Melted 2 | . . . . . . 1 1 Heat Transferred 2604 | . . . . . 74 828 1702 Parts Sabotaged . | . . . . . . . . Parts Stolen . | . . . . . . . . Parts Stripped . | . . . . . . . . Power Chain Reactions . | . . . . . . . . Alert | -11 -10 -10 -10 -9 -8 -8 -8 ------- Run | Yrd Mat Min Exi Min Mat Gar Mat Maximum Alert Level 1 | . . . . . . 1 . Low Security (%) 96 | 100 100 100 . 100 100 78 100 Level 1 3 | . . . . . . 21 . Level 2 . | . . . . . . . . Level 3 . | . . . . . . . . Level 4 . | . . . . . . . . Level 5 . | . . . . . . . . High Security . | . . . . . . . . Max Security . | . . . . . . . . Peak Influence 257 | . 134 40 . 123 53 257 138 Initial 124 | . . 40 . . 43 31 124 Average 86 | . 85 22 . 64 38 125 88 Influence Increases 1102 | . 179 . . 133 36 266 488 Destroy 0b10 Robot/C 540 | . 40 . . 80 20 120 280 Destroy 0b10 Robot/NC 20 | . 5 . . 5 . . 10 Destroy Leader 136 | . 12 . . 20 10 . 94 Successful Hack 53 | . 18 . . . 6 16 13 Disable Machine 75 | . 45 . . . . . 30 Anti-Garrison Action 100 | . . . . . . 100 . Destroy Structure 58 | . 29 . . 28 . . 1 Lose Combat Pursuer 120 | . 30 . . . . 30 60 Influence Decreases 990 | . 75 104 . 20 100 58 633 Entered New Map 285 | . . 64 . . 70 18 133 Time Decay 605 | . 75 40 . 20 30 . 440 Lost Part 100 | . . . . . . 40 60 Squads Dispatched 4 | . 2 . . . . . 2 Investigation 2 | . 1 . . . . . 1 Extermination . | . . . . . . . . Reinforcement 2 | . 1 . . . . . 1 Assault . | . . . . . . . . Garrison . | . . . . . . . . Intercept . | . . . . . . . . Searches Triggered . | . . . . . . . . Construction Impeded . | . . . . . . . . Haulers Reinforced . | . . . . . . . . Active Scanning Responses . | . . . . . . . . Cargo Convoy Interrupts . | . . . . . . . . Stealth | -11 -10 -10 -10 -9 -8 -8 -8 --------- Run | Yrd Mat Min Exi Min Mat Gar Mat Distress Signals 3 | . 1 1 . . . . 1 Communications Jammed . | . . . . . . . . Distress Signals . | . . . . . . . . Times Spotted 47 | . 8 . . 4 2 8 25 Peak Tracking Total 6 | . 6 . . 2 2 5 5 Tactical Retreats 4 | . 1 . . . . 1 2 Traps | -11 -10 -10 -10 -9 -8 -8 -8 ------- Run | Yrd Mat Min Exi Min Mat Gar Mat Traps Triggered 3 | . . . . . . 3 . Indirectly . | . . . . . . . . Trap Hack Attempts . | . . . . . . . . Triggered . | . . . . . . . . Disarmed . | . . . . . . . . Reprogrammed . | . . . . . . . . Reused . | . . . . . . . . Traps Extracted . | . . . . . . . . Installed . | . . . . . . . . Triggered . | . . . . . . . . Machines | -11 -10 -10 -10 -9 -8 -8 -8 ---------- Run | Yrd Mat Min Exi Min Mat Gar Mat Machines Disabled 5 | . 3 . . . . . 2 Max in Single Turn 1 | . 1 . . . . . 1 Machines Repaired . | . . . . . . . . Machines Dismantled . | . . . . . . . . Machines Sabotaged . | . . . . . . . . Overloaded Fab Kills . | . . . . . . . . Hacking | -11 -10 -10 -10 -9 -8 -8 -8 --------- Run | Yrd Mat Min Exi Min Mat Gar Mat Machines Accessed 14 | . 3 . 4 . 1 2 4 Terminals 7 | . 3 . . . . 2 2 Fabricators . | . . . . . . . . Repair Stations 1 | . . . . . . . 1 Recycling Units . | . . . . . . . . Scanalyzers 1 | . . . . . . . 1 Garrison Access 1 | . . . . . 1 . . Total Hacks 91 | . 11 . 49 . 4 6 21 Successful 75 | . 6 . 49 . 2 1 17 Failed 16 | . 5 . . . 2 5 4 Catastrophic 2 | . . . . . . 2 . Database Lockouts . | . . . . . . . . Manual . | . . . . . . . . Terminals 23 | . 11 . . . . 6 6 Fabricators . | . . . . . . . . Repair Stations 8 | . . . . . . . 8 Recycling Units . | . . . . . . . . Scanalyzers 7 | . . . . . . . 7 Garrison Access 4 | . . . . . 4 . . Terminal Hacks 60 | . 6 . 49 . . 1 4 Record 50 | . . . 49 . . . 1 Prototype ID Bank 1 | . 1 . . . . . . Emergency Access Points 1 | . 1 . . . . . . Locate Traps 1 | . 1 . . . . . . Dispatch Records 2 | . 1 . . . . . 1 Maintenance Status 1 | . 1 . . . . . . Zone Layout 3 | . 1 . . . . . 2 Security Stations 1 | . . . . . . 1 . Fabricator Hacks . | . . . . . . . . Repair Station Hacks 7 | . . . . . . . 7 Scan Component 4 | . . . . . . . 4 Repair 3 | . . . . . . . 3 Recycling Unit Hacks . | . . . . . . . . Scanalyzer 6 | . . . . . . . 6 Insert Component 4 | . . . . . . . 4 Analyze 2 | . . . . . . . 2 Garrison Access Hacks 2 | . . . . . 2 . . Unlock Access 1 | . . . . . 1 . . Coupler Status 1 | . . . . . 1 . . Unauthorized Hacks . | . . . . . . . . Terminals . | . . . . . . . . Fabricators . | . . . . . . . . Repair Stations . | . . . . . . . . Recycling Units . | . . . . . . . . Scanalyzers . | . . . . . . . . Garrison Access . | . . . . . . . . Data Cores Recovered . | . . . . . . . . Used . | . . . . . . . . Hacking Detections 7 | . 2 . . . . 2 3 Full Trace Events 6 | . 2 . . . . 2 2 Feedback Events . | . . . . . . . . Feedback Blocked . | . . . . . . . . Robot Schematics Acquired . | . . . . . . . . Robots Built . | . . . . . . . . Authchips . | . . . . . . . . Time . | . . . . . . . . Total Robot Build Rating . | . . . . . . . . Part Schematics Acquired 1 | . . . . . . . 1 Parts Built . | . . . . . . . . Authchips . | . . . . . . . . Time . | . . . . . . . . Total Part Build Rating . | . . . . . . . . Part Studies Acquired . | . . . . . . . . Parts Repaired 3 | . . . . . . . 3 Time 78 | . . . . . . . 78 Parts Recycled . | . . . . . . . . Recycled Matter . | . . . . . . . . Retrieved Matter . | . . . . . . . . Retrieved Components . | . . . . . . . . Parts Scanalyzed 1 | . . . . . . . 1 Part Schematics Acquired 1 | . . . . . . . 1 Parts Damaged 1 | . . . . . . . 1 Bothacking | -11 -10 -10 -10 -9 -8 -8 -8 ------------ Run | Yrd Mat Min Exi Min Mat Gar Mat Used RIF Installer . | . . . . . . . . Robots Hacked . | . . . . . . . . Non-combat . | . . . . . . . . Combat . | . . . . . . . . Robot Hacks Applied . | . . . . . . . . Relay Couplers Released . | . . . . . . . . Fabnet Peak Effective % . | . . . . . . . . Robots Rewired . | . . . . . . . . Allies Hacked . | . . . . . . . . Hacks Repelled . | . . . . . . . . Allies | -11 -10 -10 -10 -9 -8 -8 -8 -------- Run | Yrd Mat Min Exi Min Mat Gar Mat Total Allies . | . . . . . . . . Largest Group . | . . . . . . . . Highest-Rated Group . | . . . . . . . . Highest-Rated Ally . | . . . . . . . . Total Orders . | . . . . . . . . Ally Attacks . | . . . . . . . . Total Damage . | . . . . . . . . Kills . | . . . . . . . . Allies Corrupted . | . . . . . . . . Allies Melted . | . . . . . . . . Intel | -11 -10 -10 -10 -9 -8 -8 -8 ------- Run | Yrd Mat Min Exi Min Mat Gar Mat Active Infowar (turns) . | . . . . . . . . Robot Analysis Total . | . . . . . . . . Derelict Logs Recovered 1 | . . 1 . . . . . Drone Launches . | . . . . . . . . Drone Recoveries . | . . . . . . . . Exploration | -11 -10 -10 -10 -9 -8 -8 -8 ------------- Run | Yrd Mat Min Exi Min Mat Gar Mat Turns Passed 2513 | 45 185 88 631 73 76 335 1080 Spaces Moved 1857 | 45 196 106 778 65 54 185 428 Core 5 | 2 . . . . . 3 . Treads . | . . . . . . . . Legs 576 | . . . . . . 148 428 Wheels 1276 | 43 196 106 778 65 54 34 . Hover . | . . . . . . . . Flight . | . . . . . . . . Fastest Speed 50 | 50 80 80 80 80 95 95 120 Average Speed 108 | 78 80 80 80 80 95 126 183 Slowest Speed 550 | 80 80 80 80 80 95 450 550 Overloaded Moves . | . . . . . . . . Propulsion Burnouts . | . . . . . . . . Robots Hopped . | . . . . . . . . Potential Cave-ins . | . . . . . . . . Cave-ins Triggered . | . . . . . . . . Exploration Rate (%) 31 | 3 45 17 91 19 10 28 38 Regions Visited 7 Branch Regions 3 Pre-discovered Areas 1 | . . . 1 . . . . Known Exits Taken 1 | . . . . . 1 . . Unknown Exits Taken 5 | 1 1 1 1 1 . . . Scrap Searched 1 | . . . . 1 . . . Spaces Dug . | . . . . . . . . Terrain Destroyed 68 | . 30 . . 38 . . . Melee . | . . . . . . . . Projectile . | . . . . . . . . AOE 68 | . 30 . . 38 . . . Terrain Rammed . | . . . . . . . . Walls Destroyed . | . . . . . . . . Machines Disabled . | . . . . . . . . Actions | -11 -10 -10 -10 -9 -8 -8 -8 --------- Run | Yrd Mat Min Exi Min Mat Gar Mat Total 2177 | 51 213 108 787 75 74 240 629 Wait 130 | . 3 . 3 . 13 1 110 Move 1850 | 44 195 105 777 64 53 184 428 Hop . | . . . . . . . . Pick Up 30 | 1 5 3 1 2 2 3 13 Fast Attach 21 | 6 1 . . . . 8 6 Attach 6 | . . . . . 3 1 2 Detach 1 | . . . . . . 1 . Swap 15 | . 2 . . 1 1 5 6 Drop 28 | . 1 . 3 . . 9 15 Fire 86 | . 5 . . 8 2 23 48 Melee . | . . . . . . . . Ram 1 | . 1 . . . . . . Kick 1 | . . . . . . . 1 Crush . | . . . . . . . . Escape Stasis 5 | . . . . . . 5 . Rewire 3 | . . . 3 . . . . Trap . | . . . . . . . . Miscellaneous . | . . . . . . . . Route ------- -11/Scrapyard -10/Materials -10/Mines -10/Exiles -9/Mines -8/Materials -8/Garrison -8/Materials History --------- Turn | Location | Event 15 | -11/Scrapyard | Discovered new exit (range 16) 46 | -11/Scrapyard | Entered Materials 214 | -10/Materials | Discovered new exit (range 12) 231 | -10/Materials | Entered Mines 297 | -10/Mines | Assembled infested the area 306 | -10/Mines | Build established: Mutant 315 | -10/Mines | Deemed a non-threat by the Exiles lab entrance 315 | -10/Mines | Discovered new exit (range 5) 319 | -10/Mines | Entered Exiles 342 | -10/Exiles | Met 8R-AWN 359 | -10/Exiles | Met EX-HEX 435 | -10/Exiles | Met EX-DEC 463 | -10/Exiles | Visited The Gauntlet 603 | -10/Exiles | Discovered new exit (range 10) 675 | -10/Exiles | Met EX-BIN 777 | -10/Exiles | Learned location of Zion (-7) 950 | -10/Exiles | Entered Mines 970 | -9/Mines | Discovered new exit (range 6) 1023 | -9/Mines | Entered Materials 1023 | -8/Materials | Evolved 4 slots: Power x1, Propulsion x1, Utility x2 1097 | -8/Materials | Identified exit to Garrison 1099 | -8/Materials | Entered Garrison 1139 | -8/Garrison | Triggered checkpoint 1271 | -8/Garrison | Learned Materials security intel 1339 | -8/Garrison | Triggered checkpoint 1400 | -8/Garrison | Discovered new exit (range 8) 1434 | -8/Garrison | Entered Materials 1512 | -8/Materials | Build established: Scavenger-Mutant 1612 | -8/Materials | Core integrity fell below 50% 2148 | -8/Materials | Build established: Mutant 2314 | -8/Materials | Repaired Hcp. Battery 2353 | -8/Materials | Repaired Aluminum Leg 2380 | -8/Materials | Repaired Aluminum Leg 2468 | -8/Materials | Core integrity fell below 20% 2514 | -8/Materials | Destroyed by G-47 Trooper with Particle Gun Last Messages --------------- 02500_ Overheating: Hvy. Particle Gun damaged (-15). 02500_ Imp. Power Shielding destroyed. 02501_ Overheating: Matter decay (-57). 02501_ Acquired 40 matter. 02502_ Overheating: Matter decay (-45). 02503_ Overheating: System interference. 02503_ Hvy. Particle Gun temporarily disabled. 02505_ Acquired 43 matter. 02506_ Overheating: Core damaged (-60). 02507_ Overheating: Huge Storage Unit damaged (-129). 02507_ K-01 Serf cleans the Material Processor. 02508_ Power failure, Lgt. Nuclear Core shutdown. 02510_ Hvy. Particle Gun broken. 02510_ Overheating: Short circuit. 02510_ K-01 Serf cleans the Material Processor. 02511_ Acquired Aluminum Leg. 02512_ Broken Hvy. Particle Gun destroyed. Map ----- +----------------------------------------------------+ | ??????????????????????????????????##??# #??????? | | ??????????????????????????????##### ### #??????? | | ??????????????????????????????# ## #??????? | | ??????????????????????????????# """ ## ! #??##### | | ??????????????????????????????# """ ## #?##!!!! | | ??????????????????????????????# """ ## #?#! | | ??????????????????????????????# ##*% #?# | | ??????????????????????????????# """ ###+#### | | ??????????????????????????????# """ %+]!%^ | | ??????????????????????????????# """ #!=[! ^ | | ??????????????????????????????# # """ " | | ??????????????????????????????# """ !# """"" "" | | ????????????????#?????????????# "R # """"" "" | | ????????????????# ??########??# """ # """" "" | | ????????????????# ?# ! #??# # "" " | | ?????????????????? # /########+### = ^ ] | | ??????????????????? / // # ## ###% | | ????????????????????# // # ## | | ?????????????????????! / # / | | ??????????????????????? # # | | ????????????????????????#+## ## ####### | | ????????????????????????# ## ## ####+###???# | | ????????????????#???????# ## ## #??? ??????# | | ??????????? + #####*## ## #??????????# | | ????????????????# m [ g! ## #??????????# | | ????????????????# u w @ # ## #??????????# | | ????????????????# "" # #? ???????????# | | ????????????????# """"" # #? ???????????# | | ????????????????# """"" ##/####? ???????????##+ | | ????????????????# """"" ## #???? ???????????## | | ????????????????# """ ## #???? ?????#+????# | | ????????????????# ## #???? ?????# ##### | | ????????????????# ## #???? ?????# | | ????????????????? """ #? #??????????# | | ?????????????????? """" #?/#??????????# | | ????????????????? """ #?? ??????????# | | ????????????????? "" #?? ??????????# | | ??????????????????? " k #?? ??????????# | | ?????????????????????? ??? ??????????# | | ??????????????????????? ?????????????????# | | ?????????????#### "T" # #??????# | | ?????????????#### ######## ##?????# | | ????????????? #??????# #?????# | | ????????????? #?#########?#######?????# | | ????????????? #?# #???????????# | | ?????????????# #?# #???????????# | | ?????????????# #?# #???????????# | | ?????????????# #?# # ????????# | | ?????????????# #######+###### ########## | | ?????????????# | +----------------------------------------------------+ Best States ------------- Heat Dissipation 31 Energy Generation 23 Energy Capacity 650 Matter Stores 300 Matter Capacity 300 Sight Range 16 Terrain Scan Density 10 Armor Coverage 150 Power Shielding 66 Propulsion Shielding 33 Evasion (%) 55 Authchip Count 1 Item Schematics ----------------- Imp. Heat Sink | -8/Materials | Scanalyzed Robot Schematics ------------------ None Fabricated ------------ Nothing Repaired ---------- Hcp. Battery | 20% | -8/Materials Aluminum Leg | 74% | -8/Materials Aluminum Leg | 67% | -8/Materials Studied --------- None Alien Tech Used ----------------- None Achievements -------------- None Challenges ------------ None Game ------ Seed StasisNeutronRailgun Manual? 0 Play Time 00:44:30 Cumulative 13.0 hours Start 2026.07.13 @ 18:27:52 End 2026.07.13 @ 19:33:28 Sessions 1 Manual Loads 0 Difficulty Rogue Special Mode None Game No. 27 Rogue 27 Adventurer 0 Explorer 0 Win Type - Total 0 Types 0/0/0/0/0/0/0/0/0/0 Lore% 11 Gallery% 13 Achievement% 12 Wizard Run 0 Options --------- Layout 1 ASCII 0 Keyboard 0 Movement Mouse Keybinds 0 Fullscreen 1 Font 24/Smallcaps Map View 50x35 Zoom Use 0% Tactical HUD 1 Map Filters NONE Filters NONE Steam 1 RUN: d9ea3fea-8bed-4493-b71b-223952d92042